 Dungeon Crawl Stone Soup version 0.19.1 (webtiles) character file.

611 Dfrag the Magician (level 7, -1/55 HPs)
             Began as a Naga Conjurer on Nov 29, 2016.
             Killed from afar by an orc wizard (8 damage)
             ... with a magic dart
             ... on level 4 of the Dungeon.
             The game lasted 00:05:47 (3286 turns).

Dfrag the Magician (Naga Conjurer)                  Turns: 3286, Time: 00:05:50

Health: -1/55      AC:  6    Str: 11    XL:     7   Next: 43%
Magic:  10/16      EV: 15    Int: 17    God:
Gold:   206        SH:  4    Dex: 16    Spells: 2 memorised, 15 levels left

rFire  . . .     SeeInvis +     x - +1 flail (protect)
rCold  . . .     Gourm    .     a - +0 robe
rNeg   . . .     Faith    .     (no shield)
rPois  +         Spirit   .     (no helmet)
rElec  .         Reflect  +     (no cloak)
rCorr  +         Harm     .     k - +2 pair of gloves
MR     .....                    (no barding)
Stlth  +++.......               t - +4 amulet of reflection
                                (no ring)
                                y - ring of resist corrosion

@: agile, short of breath, very slow
A: see invisible, deformed body, poison resistance, slowness 2, slow metabolism
1, spit poison 1, AC +2
a: Spit Poison


You were on level 4 of the Dungeon.
You were not hungry.

You visited 1 branch of the dungeon, and saw 5 of its levels.

You collected 206 gold pieces.

Inventory:

Hand Weapons
 q - a +0 trident of piercing
 x - a +1 flail of protection (weapon)
 A - the +3 dagger of Bigeamm {freeze, rF+}
   (You found it on level 4 of the Dungeon)

   It has been specially enchanted to freeze those struck by it, causing extra
   injury to most foes and up to half again as much damage against particularly
   susceptible opponents.
   It can also slow down cold-blooded creatures.
   It protects you from fire.
Armour
 a - a +0 robe (worn)
 j - a +0 pair of gloves
 k - a +2 pair of gloves (worn)
Jewellery
 t - a +4 amulet of reflection (around neck)
 y - a ring of resist corrosion (left hand)
 C - an uncursed ring of protection from magic {unknown}
Scrolls
 e - a scroll of teleportation {unknown}
 f - a scroll of fear {unknown}
 g - 6 scrolls of identify {unknown}
 n - a scroll of random uselessness {unknown}
 p - 2 scrolls of noise {unknown}
 D - a scroll of magic mapping {unknown}
Potions
 d - 2 potions of invisibility {unknown}
 h - a potion of might {unknown}
 i - a potion of curing
 l - a potion of resistance {unknown}
 s - a potion of agility
 w - 2 potions of haste {unknown}
 z - 2 potions of cure mutation {unknown}
Books
 b - a book of Conjurations

   Spells                             Type                      Level
   a - Magic Dart                     Conjuration                  1
   b - Searing Ray                    Conjuration                  2
   c - Dazzling Spray                 Conjuration/Hexes            3
   d - Fulminant Prism                Conjuration/Hexes            4
   e - Iskenderun's Mystic Blast      Conjuration                  4
   f - Iskenderun's Battlesphere      Conjuration/Charms           5
 r - a book of Cantrips

   Spells                             Type                      Level
   a - Confusing Touch                Hexes                        1
   b - Animate Skeleton               Necromancy                   1
   c - Summon Small Mammal            Summoning                    1
   d - Apportation                    Translocation                1
Comestibles
 c - 3 bread rations
 m - 2 fruits
 o - a beef jerky
 u - a slice of pizza
 v - a meat ration
 B - 2 chunks of flesh


   Skills:
 - Level 1.5 Dodging
 - Level 3.0 Stealth
 * Level 6.2 Spellcasting
 + Level 5.9 Conjurations


You had 15 spell levels left.
You knew the following spells:

 Your Spells              Type           Power        Failure   Level  Hunger
a - Magic Dart            Conj           ####         1%          1    None
b - Searing Ray           Conj           ####..       1%          2    None


Dungeon Overview and Level Annotations

Branches:
Dungeon (5/15)
 Temple: D:4-7

Altars:
Ashenzari
Hepliaklqana
Qazlal

Annotations:
D:4 Blork the orc


Innate Abilities, Weirdness & Mutations

You cannot wear boots.
Your serpentine skin is tough. (AC +2)
You have supernaturally acute eyesight. (SInv)
Armour fits poorly on your strangely shaped body.
Your system is resistant to poisons. (rPois)
You cover ground very slowly.
You have a slow metabolism.
You can spit poison.


Message History

Aim: an orc wizard, wielding a dagger and wearing a robe (almost dead)
The splash of poison hits Blork the orc.
Blork the orc is poisoned.
Blork the orc is lightly wounded.
You feel slightly more hungry.
You feel sick.
Blork the orc hits you with a dire flail of venom.
* * * LOW HITPOINT WARNING * * *
The orc wizard gestures wildly while chanting.
The orc wizard blinks!
You feel better. You block Blork the orc's attack.
Blork the orc hits you with a dire flail of venom.
* * * LOW HITPOINT WARNING * * *
It was a potion of agility.
You feel agile all of a sudden. Blork the orc casts a spell at you.
The puff of flame hits you!
* * * LOW HITPOINT WARNING * * *
The orc wizard points at you and mumbles some strange words.
The magic dart hits you!
You die...

#.#####.#
#.......#...
#...#...#
#.##.#..####
###.#.###
#.##.##..... #...#
#...>##.#### ###.#
#..####.# # #.#
#..## #.# # #[#
###...###.# # #o#
#......##.# # #@#
#.#...###.# # #o#
#.##..# #.# # #.#
#.###.###.# # #.#
#.##...##.####
###.###.##..........
#............#######
#.#####.###.## #)#
#.# #.# #.# #.# #.#


You could see Blork the orc and an orc wizard.

Vanquished Creatures
  A black bear (D:4)
  A centaur (D:5)
  A scorpion (D:5)
  2 hounds
  2 orc priests
  An orc wizard (D:5)
  Terence (D:2)
  A worker ant (D:5)
  5 adders
  3 gnolls (D:4)
  An ooze (D:4)
  A worm (D:5)
  3 dart slugs (D:1)
  3 leopard geckos
  15 orcs
  2 ball pythons (D:1)
  3 giant cockroaches
  5 goblins
  5 hobgoblins
  14 jackals
  7 kobolds
  3 quokkas (D:3)
  2 ball python skeletons (D:4)
  2 bats
  4 frilled lizards
  A leopard gecko skeleton (D:5)
  A leopard gecko zombie (D:5)
  5 rats
95 creatures vanquished.

Notes
Turn   | Place    | Note
-------+----------+-------------------------------------------
     0 | D:1      | Dfrag the Naga Conjurer began the quest for the Orb.
     0 | D:1      | Reached XP level 1. HP: 15/15 MP: 3/3
   117 | D:1      | Reached XP level 2. HP: 17/22 MP: 1/5
   138 | D:1      | Learned a level 2 spell: Searing Ray
   375 | D:1      | Reached XP level 3. HP: 28/28 MP: 7/7
   384 | D:2      | Reached skill level 3 in Spellcasting
   686 | D:2      | Found a hazy altar of Hepliaklqana.
   931 | D:2      | Reached XP level 4. HP: 36/36 MP: 7/9
  1037 | D:3      | Noticed Terence
  1060 | D:2      | Killed Terence
  1580 | D:3      | Reached skill level 4 in Spellcasting
  1583 | D:3      | Reached XP level 5. HP: 23/42 MP: 3/11
  1660 | D:3      | Found a shattered altar of Ashenzari.
  1799 | D:3      | Found a stormy altar of Qazlal.
  2085 | D:4      | Noticed a black bear
  2094 | D:4      | Killed a black bear
  2094 | D:4      | Reached skill level 5 in Conjurations
  2094 | D:4      | Reached XP level 6. HP: 36/49 MP: 3/13
  2187 | D:4      | Reached skill level 5 in Spellcasting
  2316 | D:4      | Got a warped dagger
  2317 | D:4      | Identified the +3 dagger of Bigeamm {freeze, rF+} (You found it on level 4 of the Dungeon)
  2830 | D:5      | Entered Level 5 of the Dungeon
  2880 | D:5      | Reached XP level 7. HP: 29/55 MP: 4/15
  2956 | D:5      | Reached skill level 6 in Spellcasting
  2977 | D:5      | Noticed Blork the orc
  3286 | D:4      | Killed from afar by an orc wizard

Skill      XL: |  1  2  3  4  5  6  7 |
---------------+----------------------+-----
Spellcasting   | 3 4 5 6 |  6.2
Conjurations   | 5 |  5.9
Dodging        | |  1.5
Stealth        | |  3.0

Action                   |  1- 3 |  4- 6 |  7- 9 || total
-------------------------+-------+-------+-------++-------
Melee: Unarmed           |    15 |       |       ||    15
       Trident           |       |    53 |       ||    53
       Flail             |       |    34 |     1 ||    35
       Dagger            |       |    20 |       ||    20
 Cast: Magic Dart        |    30 |    27 |     2 ||    59
       Searing Ray       |     1 |    16 |     8 ||    25
 Abil: Spit Poison       |    21 |    10 |     7 ||    38
  Use: Potion            |       |       |     2 ||     2
 Stab: Sleeping          |       |     5 |       ||     5
       Distracted        |       |     2 |       ||     2
  Eat: Chunk             |     1 |     5 |     3 ||     9
Armor: Robe              |     4 |    84 |    11 ||    99
Dodge: Dodged            |    14 |    87 |    12 ||   113
Block: Other             |       |    13 |     5 ||    18
